 Dungeon Crawl Stone Soup version 0.30.1-11-g7821555f0a (webtiles) character file.

Game seed: 12954375485385978314

60 groovy9 the Chopper (level 4, -1/40 HPs)
             Began as a Hill Orc Berserker on Jan 13, 2024.
             Was a Believer of Trog.
             Slain by Sigmund
             ... wielding a +0 scythe
              (8 damage)
             ... on level 2 of the Dungeon.
             The game lasted 00:03:06 (829 turns).

groovy9 the Chopper (Hill Orc Berserker)             Turns: 829, Time: 00:03:07

Health: -1/40      AC: 11    Str: 21    XL:     4   Next: 6%
Magic:  4/4        EV:  6    Int:  7    God:    Trog [**....]
Gold:   68         SH:  0    Dex: 10    Spells: 3/3 levels left

rFire   . . .        a - +0 hand axe (freeze)
rCold   . . .        (no shield)
rNeg    . . .        h - +0 plate armour
rPois   .            (no helmet)
rElec   .            (no cloak)
rCorr   +            (no gloves)
SInv    .            (no boots)
Will    .....        (no amulet) Stlth
                     g - ring of resist corrosion
HPRegen 0.26/turn    (no ring)
MPRegen 0.09/turn

%: no passive effects
@: on berserk cooldown, slowed, very slow
A: no striking features
a: Renounce Religion, Berserk, Trog's Hand


You were on level 2 of the Dungeon.
You worshipped Trog.
Trog was pleased with you.
You visited 1 branch of the dungeon, and saw 2 of its levels.

You collected 68 gold pieces.

Inventory:

Hand Weapons
 a - a +0 hand axe of freezing (weapon)
Armour
 d - a +0 scale mail
 h - a +0 plate armour (worn)
Jewellery
 g - a ring of resist corrosion (left hand)
Scrolls
 b - a scroll of identify {unknown}
Potions
 e - 2 potions of curing


   Skills:
 + Level 4.1 Fighting
 * Level 5.1 Axes
 + Level 2.8 Armour
 + Level 2.0 Dodging


You had 3 spell levels left.
You didn't know any spells.
Your spell library was empty.

Dungeon Overview and Level Annotations

Branches:
Dungeon (2/15)

Altars:

Shops:
D:2 (

Annotations:
D:2 Sigmund


Message History

Natasha screams in fury as she dies!
You hear a zap.
A bolt of light appears from out of thin air!
The bolt of light misses you.
Your Axes skill increases to level 5!
Your Dodging skill increases to level 2!
You have reached level 4!
Something hits you but does no damage.
You slash something! You freeze something.
You feel the effects of Trog's Hand fading.
You closely miss something. You closely miss something. Something hits you.
* * * LOW HITPOINT WARNING * * *
You closely miss something. You barely miss something.
You hear a zap.
A bolt of light appears from out of thin air!
The bolt of light hits you!
You are confused.
* * * LOW HITPOINT WARNING * * *
You bump into the rock wall.
Something hits you.
* * * LOW HITPOINT WARNING * * *
You're too confused to move!
You feel a strong urge to attack something.
You are no longer berserk.
You are exhausted.
You feel yourself slow down.
You miss something.
You feel less confused. Something hits you.
* * * LOW HITPOINT WARNING * * *
You barely miss something.
Your skin stops crawling.
You feel less strong-willed. Something hits you but does no damage.
You closely miss something. Something hits you but does no damage.
You closely miss something.
You hear a zap.
A bolt of light appears from out of thin air!
The bolt of light misses you. Something hits you!
You die...

# #### .## ....
..# .# #w. #.#
...##..####.#
........#.#
#..##{#.######
#...@........#
......##########.#
.#.## ####.####
#.......#####
#.#####......
######.# #.####.
#......# #...##.
#......# #.#.##.
#..#...#####.#....


There were no monsters in sight!

Vanquished Creatures
  Natasha (D:2)
  2 dart slugs
  3 bats
  3 endoplasms (D:1)
  5 goblins
  3 hobgoblins
  2 jackals (D:1)
  2 quokkas
  4 ball pythons
  4 frilled lizards (D:1)
  2 rats (D:1)
31 creatures vanquished.

Notes
Turn   | Place    | Note
-------+----------+-------------------------------------------
     0 | D:1      | groovy9 the Hill Orc Berserker began the quest for the Orb.
     0 | D:1      | Reached XP level 1. HP: 19/19 MP: 1/1
    98 | D:1      | Reached XP level 2. HP: 27/27 MP: 2/2
   484 | D:1      | Found a faded altar of an unknown god.
   646 | D:1      | Reached XP level 3. HP: 30/33 MP: 3/3
   730 | D:2      | Reached ** piety under Trog
   744 | D:2      | Found Taen Teg's Antique Weapon Shoppe.
   806 | D:2      | Noticed Sigmund
   808 | D:2      | Noticed Natasha
   817 | D:2      | Killed Natasha
   818 | D:2      | Reached skill level 5 in Axes
   818 | D:2      | Reached XP level 4. HP: 14/40 MP: 4/4
   829 | D:2      | Slain by Sigmund

Illustrated notes

Levels and vault maps discovered:
D:1:      spicycebolla_arrival_xxxplode, layout_rooms, serial_forest,
          infiniplex_forest_straight_3, infiniplex_forest_straight_1,
          infiniplex_forest_lined_3, infiniplex_forest_end_2,
          infiniplex_forest_end_2, infiniplex_forest_zigzag_1,
          infiniplex_forest_straight_5, infiniplex_forest_straight_2,
          hellmonk_ecumenical_altar_arch_garden, hangedman_feature_mirror,
          chequers_decorated_corner, minmay_split_cup_small
D:2:      layout_loops_cross, serial_shops, nicolae_shop_tiny_real_fake_doors,
          hex_tiny, minivault_11, minmay_small_reverse_x, uniq_sigmund,
          uniq_terence, uniq_natasha, uniq_crazy_yiuf_cottage

Skill      XL: |  1  2  3 |
---------------+----------+-----
Fighting       | 4 |  4.1
Axes           | 5 |  5.1
Dodging        | 2 |  2.0
Armour         | |  2.8

Action                     |  1- 3 |  4- 6 || total
---------------------------+-------+-------++-------
  Melee: Hand axe          |    89 |     9 ||    98
 Invoke: Berserk           |     1 |       ||     1
         Trog's Hand       |     1 |       ||     1
    Use: Scroll            |     3 |       ||     3
         Potion            |     1 |       ||     1
 Armour: Animal skin       |     4 |       ||     4
         Scale mail        |    22 |       ||    22
         Plate armour      |    12 |     3 ||    15
  Dodge: Dodged            |    40 |     1 ||    41
